 Dungeon Crawl Stone Soup version 0.31-a0-1165-g196b491b36 (webtiles) character file.

Game seed: 4348645788461305364

26 AstroCodex24 the Shield-Bearer (level 2, -5/24 HPs)
             Began as a Vampire Fighter on Dec 9, 2023.
             Slain by an iguana (9 damage)
             ... on level 4 of the Dungeon.
             The game lasted 00:00:25 (61 turns).

AstroCodex24 the Shield-Bearer (Vampire Fighter)      Turns: 61, Time: 00:00:26

Health: -5/24      AC:  6    Str: 15    XL:     2   Next: 89%
Magic:  2/2        EV:  8    Int: 10    God:
Gold:   0          SH:  4    Dex: 13    Spells: 1/1 levels left

rFire   . . .        a - +0 war axe
rCold   . . .        c - +0 buckler
rNeg    . . .        b - +0 scale mail
rPois   .            (no helmet)
rElec   .            (no cloak)
rCorr   .            (no gloves)
SInv    +            (no boots)
Will    .....        (no amulet) Stlth
                     (no ring)
HPRegen 0.44/turn    (no ring)
MPRegen 0.08/turn

%: no passive effects
@: healing quickly
A: alive, fangs 3, see invisible, vampiric 1
a: Exsanguinate


You were on level 4 of the Dungeon.
You visited 1 branch of the dungeon, and saw 4 of its levels.

Inventory:

Hand Weapons
 a - a +0 war axe (weapon)
Armour
 b - a +0 scale mail (worn)
 c - a +0 buckler (worn)
Potions
 d - a potion of might


   Skills:
 + Level 3.0 Fighting
 + Level 2.0 Axes
 + Level 2.7 Armour
 + Level 3.0 Shields


You had one spell level left.
You didn't know any spells.
Your spell library was empty.

Dungeon Overview and Level Annotations

Branches:
Dungeon (4/15)
 Temple: D:4-7

Altars:


Innate Abilities, Weirdness & Mutations

Your natural rate of healing is accelerated.
You have razor-sharp teeth.
You have supernaturally acute eyesight. (SInv)
You are afflicted with vampirism.


Message History

Found a stone staircase leading down.
The iguana closely misses you.
You closely miss the iguana. The iguana closely misses you.
You hit the iguana but do no damage.
The iguana hisses menacingly.
The iguana barely misses you.
You slash the iguana!
The iguana is heavily wounded.
The iguana bites you but does no damage.
You block the iguana's attack.
You slash the iguana!
You kill the iguana!
Your Fighting skill increases to level 3!
Your Axes skill increases to level 2!
Your Shields skill increases to level 3!
You have reached level 2!
There is a stone staircase leading up here.
Found 8 gold pieces.
You see here an iguana corpse.
An iguana comes into view.
The iguana hisses angrily.
You hit the iguana.
The iguana is moderately wounded.
The iguana bites you. The iguana bites you!
Ouch! That really hurt!
You barely miss the iguana.
The iguana is moderately wounded.
The iguana barely misses you.
You barely miss the iguana.
The iguana is moderately wounded.
The iguana bites you but does no damage.
The iguana barely misses you.
You barely miss the iguana.
The iguana is moderately wounded.
The iguana bites you!
* * * LOW HITPOINT WARNING * * *
You closely miss the iguana.
The iguana is moderately wounded.
The iguana completely misses you. The iguana bites you!
You die...

... #.. ##..
...##
####...####
....$....#
#.###..l.#.# #
#......@..>#.#
...........#.#
#............#
#.###........#
#...........##
..##...†#.##
#..........#
..#..###.###
##.....#######


You could see an iguana.

Vanquished Creatures
  An iguana (D:4)
  An endoplasm (D:3)
  A ball python (D:2)
3 creatures vanquished.

Notes
Turn   | Place    | Note
-------+----------+-------------------------------------------
     0 | D:1      | AstroCodex24 the Vampire Fighter began the quest for the
                  | Orb.
     0 | D:1      | Reached XP level 1. HP: 17/17 MP: 1/1
    36 | D:4      | Noticed an iguana
    43 | D:4      | Killed an iguana
    44 | D:4      | Reached XP level 2. HP: 24/24 MP: 2/2
    61 | D:4      | Slain by an iguana

Illustrated notes

Levels and vault maps discovered:
D:1:      lightli_molten_gateway, layout_basic, serial_shops,
          nicolae_shop_tiny_waterfront
D:2:      minmay_chambers_of_twos, layout_basic, serial_shops,
          nicolae_shop_tiny_waterfront, basic_altar, hex_intersection,
          eino_tiny_chamber
D:3:      layout_basic, chequers_temple_overflow_minitemple,
          amcnicky_altar_gilded, uniq_robin, uniq_ijyb, uniq_grinder
D:4:      layout_loops_ring, mainiacjoe_overflow_small_starburst,
          chequers_jeans, minmay_small_thing

Skill      XL: |  1 |
---------------+----+-----
Fighting       | 3 |  3.0
Axes           | 2 |  2.0
Shields        | 3 |  3.0
Armour         | |  2.7

Action                     || total
---------------------------++-------
  Melee: War axe           ||    11
 Armour: Scale mail        ||     6
  Dodge: Dodged            ||     7
  Block: Buckler           ||     3

Table legend: (Time is in decaauts)
 A = Elapsed time spent in this place.
 B = Non-inter-level travel time spent in this place.
 C = Inter-level travel time spent in this place.
 D = Time resting spent in this place.
 E = Time spent auto-exploring this place.
 F = Levels seen in this place.
 G = Mean time per level.
                   A        B        C        D        E       F      G
               +--------+--------+--------+--------+--------+-----+--------+
         Total |     64 |     64 |      0 |      0 |      0 |   4 |   16.0 |
       Dungeon |     64 |     64 |      0 |      0 |      0 |   4 |   16.0 |
               +--------+--------+--------+--------+--------+-----+--------+

Top non-repeatable levels by time:
     D:4: 28 daAuts
     D:3: 22 daAuts
     D:2: 12 daAuts
     D:1: 2 daAuts
